[Event "*** Titled Tuesday Blitz"]
[Site "Chess.com"]
[Date "2020.04.07"]
[Round "7"]
[White "DrMelekess"]
[Black "Cukiero"]
[Result "1-0"]
[WhiteElo "2720"]
[BlackElo "2526"]
[TimeControl "180+1"]
[EndTime "14:19:01 PDT"]
[Termination "DrMelekess won by resignation"]

1. d4 Nf6 2. Nf3 g6 3. c4 Bg7 4.
g3 c6 5. Bg2 d5 6. c5 O-O 7. O-O Nbd7 8. Bf4 Re8 9. Nc3 Nh5 10. b4 Nxf4 11. gxf4 Qc7 12. e3 f6 13.
Re1 e5 14. fxe5 fxe5 15. e4 exd4 16. exd5 Rxe1+ 17. Qxe1 Nf8 18. d6 Qf7 19. Ne4 Bg4 20.
Neg5 Qf4 21. h3 h6 22. hxg4 hxg5 23. Qe7 Qf7 24. Re1 d3 25. Qxf7+ Kxf7 26. Nxg5+ Kf6 27. f4 Bh6 28. Ne4+ Kf7 29. g5 Bg7 30. Bf1 Bd4+ 31.
Kg2 Ne6 32. Kg3 d2 33. Nxd2 Bc3 34. Rd1 Re8 35. a3 Bxd2 36. Rxd2 Nf8 37. Bc4+ Kg7 38.
Re2 Rxe2 39. Bxe2 Kf7 40. Bg4 Ke8 41. Kf3 b6 42. Ke4 bxc5 43. bxc5 a6 44. Ke5 Kf7 45. f5 gxf5 46. Bxf5 Ke8 47. Kf6 1-0

[Event "*** Titled Tuesday Blitz"]
[Site "Chess.com"]
[Date "2020.04.07"]
[Round "7"]
[White "Oleg_Papayan"]
[Black "florianschwabeneder"]
[Result "0-1"]
[WhiteElo "2344"]
[BlackElo "2521"]
[TimeControl "180+1"]
[EndTime "14:19:01 PDT"]
[Termination "florianschwabeneder won by resignation"]

1. e4 e5 2. Nf3 Nc6 3. Bb5 a6 4. Bxc6 dxc6 5. Nc3 Bd6 6. d4 exd4 7. Qxd4 f6 8. Be3 Ne7 9. O-O-O O-O 10. Qc4+ Kh8 11. Bc5 Ng6 12. Bxd6 cxd6 13. Qd4 Bg4 14. Qxd6 Qxd6 15.
Rxd6 Bxf3 16. gxf3 f5 17. Rd2 Nh4 18. Rd7 b5 19.
Rg1 Ng6 20. h4 Ne5 21. Rdxg7 Nxf3 22. R1g3 fxe4 23. Nxe4 Rae8 24. R7g4 Nh2 25. Nd6 Re1+ 26. Kd2 Re7 27. Re4 Rxe4 28. Nxe4 Nf1+ 29. Ke2 Nxg3+ 30. fxg3 Kg7 31. Ke3 h5 32. Nc5 Re8+ 33. Kf3 a5 34.
a4 b4 35. Nb3 Re5 36. Nd4 Kf6 37. Nxc6 Rc5 38. Nd4 Rc4 39. Ke3 Ke5 40. Nf3+ Kd5 41. Kd3 Rg4 42. c4+ bxc3 43. bxc3 Rxg3 44. Ke3 Kc4 45. Kf4 Rg4+ 46. Kf5 Kxc3 0-1

[Event "*** Titled Tuesday Blitz"]
[Site "Chess.com"]
[Date "2020.04.07"]
[Round "7"]
[White "1f3_2g41-0"]
[Black "IMDT02"]
[Result "0-1"]
[WhiteElo "2170"]
[BlackElo "2470"]
[TimeControl "180+1"]
[EndTime "14:19:02 PDT"]
[Termination "IMDT02 won by resignation"]

1. e4 c5 2. Nf3 Nc6 3. Bb5 Nf6 4. e5 Nd5 5. O-O Nc7 6. Bxc6 dxc6 7. c3 g6 8. d4 cxd4 9. cxd4 Bg7 10. Nc3 O-O 11.
h3 Be6 12. Ng5 Bf5 13. Be3 h6 14. Nf3 Nd5 15. Nxd5 Qxd5 16. Qb3 Qxb3 17. axb3 Be6 18. b4 a6 19. Nd2 Bd5 20. Rfc1 f6 21. f4 g5 22. g3 Rad8 23. Nb1 fxe5 24. dxe5 Be6 25. Kg2 Rd3 26. Ra3 Rfd8 27. Bb6 R8d7 28. Bc5 gxf4 29. gxf4 Bxh3+ 30. Kh2 e6 31. Bd6 Bf5 32. Rxd3 Bxd3 33. Nc3 Bf8 34. Rd1 Bf5 35. Na4 Rg7 36. Nc5 b6 37. Bxf8 Kxf8 38. Rd8+ Kf7 39. Rd7+ Kg6 40. Rxg7+ Kxg7 41. Nxa6 Be4 42. Kg3 Kg6 43. Kf2 h5 44.
Ke3 Bd5 45. Nc7 h4 46. Kf2 Kf5 47. Na8 b5 48. Nc7 Kxf4 49. Nxd5+ cxd5 50. Kg2 d4 0-1

[Event "*** Titled Tuesday Blitz"]
[Site "Chess.com"]
[Date "2020.04.07"]
[Round "7"]
[White "poummba"]
[Black "Kiborg95"]
[Result "0-1"]
[WhiteElo "2495"]
[BlackElo "2680"]
[TimeControl "180+1"]
[EndTime "14:19:03 PDT"]
[Termination "Kiborg95 won on time"]

1. e4 d6 2. d4 Nf6 3. Nc3 e5 4. Nf3 Nbd7 5. Be2 c6 6. a4 Be7 7. O-O O-O 8. a5 Qc7 9. Re1 exd4 10. Nxd4 Ne5 11. f4 Ng6 12. Bf3 Re8 13. Be3 Bf8 14. Qd2 Nh4 15. Qd3 Nxf3+ 16. Nxf3 Bd7 17.
Bd4 Be7 18. e5 dxe5 19. Bxe5 Qc8 20. Nd4 Ng4 21. Ne4 c5 22. Nf3 Bf5 23. Qc3 Bxe4 24.
Rxe4 f6 25. Qc4+ Kh8 26. Bc3 Bd6 27. Rae1 Qc6 28. h3 Nh6 29. Rxe8+ Rxe8 30. Rxe8+ Qxe8 31. Qd5 Qe3+ 32. Kf1 Qc1+ 33. Ne1 Qxf4+ 34. Nf3 Nf5 35. Qxb7 h5 36. Qa8+ Kh7 37. Qe8 Qc1+ 38. Kf2 Qxc2+ 39. Bd2 Bg3+ 40. Ke2 Qc4+ 41. Kd1 Qf1+ 42. Kc2 Qxg2 0-1

[Event "*** Titled Tuesday Blitz"]
[Site "Chess.com"]
[Date "2020.04.07"]
[Round "7"]
[White "AEMEffi"]
[Black "aloe_normansen"]
[Result "0-1"]
[WhiteElo "2333"]
[BlackElo "2202"]
[TimeControl "180+1"]
[EndTime "14:19:03 PDT"]
[Termination "aloe_normansen won on time"]

1. d4 Nf6 2. c4 g6 3. Nc3 Bg7 4.
e4 O-O 5. h3 d6 6. Nf3 e5 7. d5 a5 8. Be3 Na6 9. Nd2 Qe8 10. Be2 Bd7 11. g4 Qe7 12. h4 c6 13.
h5 Rfc8 14. hxg6 fxg6 15. g5 Ne8 16. Bg4 Nb4 17. Bxd7 Qxd7 18. Nf3 cxd5 19. cxd5 b5 20. Qe2 Nc7 21. Rc1 Nba6 22. Nd2 b4 23. Nd1 Nb5 24.
Rc6 Rxc6 25. dxc6 Qxc6 26. Qg4 Re8 27. Qh4 Nd4 28. Qxh7+ Kf7 29. Rh6 Nc2+ 30. Kf1 Qb5+ 31. Kg1 Re6 0-1

[Event "*** Titled Tuesday Blitz"]
[Site "Chess.com"]
[Date "2020.04.07"]
[Round "7"]
[White "Alonmindlin"]
[Black "wild_cat99"]
[Result "1-0"]
[WhiteElo "2665"]
[BlackElo "2525"]
[TimeControl "180+1"]
[EndTime "14:19:04 PDT"]
[Termination "Alonmindlin won by resignation"]

1. d4 Nf6 2. c4 g6 3. Nc3 d5 4. cxd5 Nxd5 5. g3 Bg7 6. Bg2 Nxc3 7. bxc3 O-O 8. Nf3 c5 9. O-O Nc6 10. Rb1 Qc7 11. Ba3 b6 12. dxc5 Bxc3 13. Rc1 Bf6 14. cxb6 axb6 15. Bb4 Bb7 16. Bc3 Bxc3 17. Rxc3 Rxa2 18.
Nd4 Rd8 19. Bxc6 Bxc6 20. Rxc6 Qd7 21. Rc4 e5 22. Qb3 Rda8 23. Nf3 Rxe2 24. Qxb6 Qd5 25. Qc6 Qxc6 26. Rxc6 Ra3 27. Re1 Rxe1+ 28. Nxe1 Ra1 29. Kf1 g5 30. g4 Ra4 31. h3 h5 32. gxh5 Rh4 33. Kg2 Rxh5 34. Nf3 e4 35. Ne5 f5 36. Rg6+ Kh7 37. Rc6 Kg7 38. Kg3 f4+ 39. Kg4 Rh4+ 40. Kxg5 Rxh3 41. Rc7+ Kf8 42. Kf6 Rh6+ 43. Ng6+ Ke8 44.
Re7+ Kd8 45. Rxe4 f3 46. Rf4 Rh2 47. Rxf3 Rg2 48. Ne5 Ke8 49. Rf5 Rh2 50. f4 Rh6+ 51. Ng6 Rh7 52. Re5+ Kd8 53. f5 Ra7 54. Kg5 Ra6 55.
f6 Kd7 56. f7 Ra8 57. f8=Q 1-0

[Event "*** Titled Tuesday Blitz"]
[Site "Chess.com"]
[Date "2020.04.07"]
[Round "7"]
[White "Eloist"]
[Black "littleozy"]
[Result "1-0"]
[WhiteElo "2276"]
[BlackElo "2442"]
[TimeControl "180+1"]
[EndTime "14:19:04 PDT"]
[Termination "Eloist won on time"]

1. e4 c6 2. Nf3 d5 3. Nc3 Bg4 4. d4 e6 5. h3 Bxf3 6. Qxf3 Nf6 7. Bd3 dxe4 8. Nxe4 Qxd4 9. Be3 Bb4+ 10. Ke2 Qxb2 11.
Rab1 Qa3 12. Nxf6+ gxf6 13. Qxf6 Bc3 14. Bd4 Bxd4 15.
Qxd4 e5 16. Qxe5+ Qe7 17. Qxe7+ Kxe7 18. Rxb7+ Kf6 19. Rhb1 Rd8 20. R1b4 Nd7 21. Rf4+ Kg7 22. Rg4+ Kh8 23. Rh4 Re8+ 24. Kd2 Rad8 25. Rxh7+ Kg8 26. Rh5 c5 27. Kc3 Nb6 28. Rg5+ Kf8 29. Bh7 Nd5+ 30. Kb2 Nf6 31. Bd3 Rb8 32. Rxb8 Rxb8+ 33. Kc3 Rc8 34. h4 c4 35. Bf5 Rc5 36. f3 Ke7 37. Be4 Rc7 38.
Re5+ Kf8 39. g4 Kg7 40. h5 Nd7 41. Rg5+ Kf8 42. h6 Nc5 43. h7 Na4+ 44. Kb4 1-0

[Event "*** Titled Tuesday Blitz"]
[Site "Chess.com"]
[Date "2020.04.07"]
[Round "7"]
[White "BillCoe"]
[Black "lelya96"]
[Result "0-1"]
[WhiteElo "2021"]
[BlackElo "2252"]
[TimeControl "180+1"]
[EndTime "14:19:04 PDT"]
[Termination "lelya96 won on time"]

1. e4 e5 2. Nf3 Nc6 3. Bb5 a6 4. Ba4 b5 5. Bb3 Nf6 6. O-O Bc5 7. Re1 O-O 8. c3 d6 9. d4 Bb6 10. h3 h6 11. a4 Bb7 12. d5 Nb8 13. axb5 axb5 14.
Rxa8 Bxa8 15. Qe2 Nbd7 16. Qxb5 Qb8 17. Na3 Nc5 18. Bc2 Qa7 19. Nc4 Rb8 20. Nxb6 Rxb6 21.
Qc4 c6 22. dxc6 Rxc6 23. Bb3 Nxb3 24. Qxb3 Rb6 25. Qc2 Qa2 26. Nd2 d5 27. exd5 Qxd5 28. Nf3 e4 29. Nd4 Nh5 30. Be3 Rg6 31. c4 Qd7 32. Kh2 f5 33. c5 f4 34. c6 Bxc6 35. Nxc6 Rxc6 36. Qb3+ Kh7 37. Bc1 Qf5 38. Qb4 Re6 39.
Qd4 f3 40. b3 fxg2 41. Bb2 Qf4+ 42. Kxg2 Qg5+ 43. Kh2 Rg6 0-1

[Event "*** Titled Tuesday Blitz"]
[Site "Chess.com"]
[Date "2020.04.07"]
[Round "7"]
[White "VincentKeymer"]
[Black "sergiochess83"]
[Result "0-1"]
[WhiteElo "2662"]
[BlackElo "2843"]
[TimeControl "180+1"]
[EndTime "14:19:06 PDT"]
[Termination "sergiochess83 won by checkmate"]

1. Nf3 d5 2. g3 c6 3. Bg2 Bg4 4. O-O e6 5. d3 Bd6 6. Nbd2 Ne7 7. b3 O-O 8. Bb2 Nd7 9. Qe1 a5 10.
h3 Bh5 11. a3 c5 12. e4 a4 13. e5 Bc7 14. b4 Nc6 15. b5 Ne7 16. Qe2 Ba5 17.
g4 Bg6 18. Rad1 c4 19. dxc4 Bxc2 20. Rc1 Bg6 21. cxd5 Nxd5 22. Ne4 Nf4 23. Qe3 Nxg2 24. Kxg2 Nb6 25. Nd6 Nd5 26. Qd4 Bb6 27. Qd2 Qd7 28.
Rfd1 f5 29. Ng5 fxg4 30. Bd4 Nf4+ 31. Kh2 Bxd4 32. Qxd4 Ne2 33. Qxg4 Nxc1 34. Rxc1 Rxf2+ 35. Kg1 Rf5 36. h4 Rxe5 37. Rd1 Qe7 38. Nf3 Rd5 39.
Rxd5 exd5 40. Nf5 Bxf5 41. Qxf5 Qc5+ 42. Kg2 Rf8 43. Qe6+ Kh8 44. Ng5 Qf2+ 45. Kh3 Qf1+ 46. Kh2 Qf4+ 47. Kg1 Qf1+ 48. Kh2 Rf2+ 49. Kg3 Qg1+ 50.
Kh3 Rh2# 0-1

[Event "*** Titled Tuesday Blitz"]
[Site "Chess.com"]
[Date "2020.04.07"]
[Round "7"]
[White "pedromartinez91"]
[Black "Budisavljevic"]
[Result "0-1"]
[WhiteElo "2492"]
[BlackElo "2523"]
[TimeControl "180+1"]
[EndTime "14:19:06 PDT"]
[Termination "Budisavljevic won on time"]

1. Nf3 Nf6 2. g3 b5 3. Bg2 Bb7 4. O-O e6 5. d3 c5 6. c4 a6 7. cxb5 axb5 8. d4 Na6 9. dxc5 Bxc5 10. Nc3 b4 11. Na4 Be7 12. Be3 Nd5 13. Bd4 O-O 14. Re1 f5 15. Ne5 Rb8 16. Ba7 Ra8 17. Bd4 Rb8 18. Qd2 Nf6 19. Bxb7 Rxb7 20. Rac1 Ne4 21. Qe3 Bg5 22. f4 Bf6 23. Nc4 d5 24. Bxf6 Qxf6 25. Ne5 Qe7 26. Rc6 Nb8 27. Rc2 Rc7 28. Rec1 Rxc2 29. Rxc2 Qb7 30. Nc5 Qa7 31. Ned3 Nd7 32. a3 bxa3 33. bxa3 Rc8 34. Kg2 Ndxc5 35. Rc3 Qe7 36.
Nb4 Rc7 37. Qd4 Kf7 38. e3 Qf6 39. Qxf6+ Kxf6 40. Nc2 Nxc3 0-1

[Event "*** Titled Tuesday Blitz"]
[Site "Chess.com"]
[Date "2020.04.07"]
[Round "7"]
[White "THORK"]
[Black "canwedoit"]
[Result "1-0"]
[WhiteElo "2372"]
[BlackElo "2614"]
[TimeControl "180+1"]
[EndTime "14:19:07 PDT"]
[Termination "THORK won on time"]

1. d4 Nf6 2. Bg5 d5 3. Nd2 c5 4. dxc5 e6 5. e3 Bxc5 6. Ngf3 O-O 7. c3 Nc6 8. Nb3 Be7 9. Nbd4 Bd7 10. Bd3 h6 11.
Bh4 Rc8 12. O-O Qb6 13. Qb3 Qc7 14. Bg3 Qd8 15. Nxc6 Bxc6 16. Nd4 Qa5 17. Qd1 Rfd8 18. f4 Qb6 19. Qe2 Ne4 20. Rad1 Bf6 21. Be1 Re8 22.
h4 e5 23. fxe5 Bxe5 24. Rf5 Bd7 25. Rf1 Qc7 26. g4 f6 27. Kg2 a6 28. h5 b5 29. a3 Rb8 30. Bh4 Qc8 31. Kh3 Nc5 32. Bg6 Rd8 33. Nf5 Bxf5 34. Bxf5 Qc7 35. Qf3 Kh8 36. Rxd5 Na4 37. Rf2 Qc4 38. Rfd2 Rdc8 39. Be4 Re8 40. Qf5 Kg8 41. Rd7 Kf8 42. Bd5 Qf1+ 43.
Qxf1 Red8 44. Rf7+ Ke8 45. Qf5 1-0

[Event "*** Titled Tuesday Blitz"]
[Site "Chess.com"]
[Date "2020.04.07"]
[Round "7"]
[White "pastouche06"]
[Black "GMKrikor"]
[Result "1-0"]
[WhiteElo "2512"]
[BlackElo "2763"]
[TimeControl "180+1"]
[EndTime "14:19:07 PDT"]
[Termination "pastouche06 won by resignation"]

1. d4 Nf6 2. c4 g6 3. f3 d5 4. cxd5 Nxd5 5. e4 Nb6 6. Nc3 Bg7 7. Be3 O-O 8. Qd2 e5 9. d5 c6 10. h4 cxd5 11. exd5 Na6 12. Rd1 Bd7 13. h5 Rc8 14. hxg6 fxg6 15. Nh3 Nc4 16. Bxc4 Qh4+ 17. Nf2 Qxc4 18.
Nfe4 Qb4 19. Ng5 h5 20. Nge4 Bf5 21. Ng3 Nc5 22. Nxf5 Rxf5 23. d6 Nd7 24. Bh6 Nf6 25. Bxg7 Kxg7 26. O-O Rd8 27. Rfe1 h4 28. a3 Qc5+ 29. Qf2 Qxf2+ 30. Kxf2 h3 31. gxh3 Kf7 32. Kg3 Nh5+ 33. Kf2 Nf4 34. Ne4 Nxh3+ 35. Kg3 Nf4 36. Rc1 Nd3 37. Rc7+ Ke6 38. Rd1 Nf4 39. Nc5+ Kf6 40.
Nxb7 Rh8 41. d7 Rh3+ 42. Kf2 Rh2+ 43. Kg1 Rg2+ 44. Kf1 Rh5 45. d8=Q+ Kf5 46. Rf7+ Ke6 1-0

[Event "*** Titled Tuesday Blitz"]
[Site "Chess.com"]
[Date "2020.04.07"]
[Round "7"]
[White "IMJonathanCarlstedt"]
[Black "Shivagami"]
[Result "1-0"]
[WhiteElo "2475"]
[BlackElo "2177"]
[TimeControl "180+1"]
[EndTime "14:19:08 PDT"]
[Termination "IMJonathanCarlstedt won on time"]

1. d4 Nf6 2. Bf4 d5 3. e3 c5 4. c3 Nc6 5. Nd2 Bf5 6. Ngf3 Qb6 7.
dxc5 Qxb2 8. Nd4 Nxd4 9. cxd4 b6 10. Rc1 bxc5 11. dxc5 e5 12. Bg3 Rc8 13. c6 Ba3 14.
Ra1 Ne4 15. Nxe4 Bxe4 16. Ba6 Rxc6 17. Bxe5 Qb4+ 18. Kf1 Rxa6 19. f3 Bf5 20. Qxd5 O-O 21. g4 Be6 22. Qd4 Qxd4 23. Bxd4 Rc8 24. Kf2 Rc2+ 25. Kg3 Rxa2 26. Rab1 h6 27. h4 Bd6+ 28. f4 R6a3 29. g5 Bd5 30. Rh2 Rxh2 31. Kxh2 Ra2+ 32. Kg3 hxg5 33. hxg5 a5 34. Rd1 Be6 35. Bb6 Be7 36. e4 a4 37. f5 Bb3 38. Rc1 f6 39. Rc8+ Kh7 40. g6+ Kh6 41. Be3+ 1-0

[Event "*** Titled Tuesday Blitz"]
[Site "Chess.com"]
[Date "2020.04.07"]
[Round "7"]
[White "AquivaRubinstein"]
[Black "jamengrand"]
[Result "0-1"]
[WhiteElo "2379"]
[BlackElo "2188"]
[TimeControl "180+1"]
[EndTime "14:19:08 PDT"]
[Termination "jamengrand won by resignation"]

1. e4 c5 2. Nf3 e6 3. d4 cxd4 4. Nxd4 Nf6 5. Nc3 d6 6. f3 a6 7. Be3 b5 8. Qd2 Nbd7 9. O-O-O b4 10. Na4 Bb7 11. Kb1 d5 12. exd5 Nxd5 13. Bf2 Qa5 14.
b3 Nc3+ 15. Nxc3 bxc3 16. Qe1 Be7 17. Nxe6 fxe6 18. Qxe6 Nf8 19. Qe3 Rc8 20. Bd3 Qa3 21.
Qc1 Qxc1+ 22. Kxc1 Ba3+ 23. Kb1 Kf7 24. Bc4+ Rxc4 25.
bxc4 Bc6 26. Bd4 Bb2 27. Rd3 Ne6 28. Bxc3 Ba3 29. Ka1 Bc5 30. Bb2 a5 31. Ba3 a4 32.
Bxc5 Nxc5 33. Rd6 Rc8 34. Rhd1 a3 35. c3 Na4 36. R1d3 Nb2 37. Re3 Nxc4 38. Rxc6 Rxc6 39. Re4 Rd6 40. Rd4 Rxd4 41. cxd4 Ke6 42. Kb1 Ne3 43.
g3 Kd5 44. Kc1 Kxd4 45. Kd2 Nf1+ 46. Kc2 Kc4 0-1

[Event "*** Titled Tuesday Blitz"]
[Site "Chess.com"]
[Date "2020.04.07"]
[Round "7"]
[White "Funkmaus"]
[Black "benko_008"]
[Result "0-1"]
[WhiteElo "2186"]
[BlackElo "2384"]
[TimeControl "180+1"]
[EndTime "14:19:08 PDT"]
[Termination "benko_008 won by resignation"]

1. d4 d5 2. Nf3 e6 3. c4 a6 4.
cxd5 exd5 5. Nc3 c6 6. Bf4 Bd6 7. Bg3 Ne7 8. e3 Nf5 9. Bd3 Nxg3 10. hxg3 h6 11. a3 Bg4 12. b4 Nd7 13. Qc2 Bxf3 14.
gxf3 Qe7 15. Na4 O-O 16. Nc5 Nxc5 17. bxc5 Bxg3 18. fxg3 Qxe3+ 19. Qe2 Qxd4 20. O-O-O Qa1+ 21. Bb1 Qxa3+ 22. Qb2 Qxc5+ 23. Qc2 Qxc2+ 24. Bxc2 Rfe8 25. Rhe1 Kf8 26. Kb2 Rxe1 27. Rxe1 c5 28. Re5 Rd8 29. Bb3 c4 30. Bc2 b5 31. Kc3 d4+ 32. Kb4 d3 33.
Bd1 a5+ 34. Kxb5 c3 35. Rc5 c2 36. Bxc2 dxc2 37. Rxc2 Rd3 38. Rf2 Ra3 39. g4 g5 40.
f4 Kg7 41. fxg5 hxg5 42. Rf5 Kg6 43. Rc5 f6 44. Rc8 Rg3 45. Kxa5 Rxg4 46. Kb5 Rd4 47. Kc5 Rd1 48. Re8 Kf5 49. Kc4 g4 50. Rg8 Kf4 51.
Kc3 f5 52. Kc2 Rd7 0-1

[Event "*** Titled Tuesday Blitz"]
[Site "Chess.com"]
[Date "2020.04.07"]
[Round "7"]
[White "ValentinDragnev"]
[Black "Stameny"]
[Result "1-0"]
[WhiteElo "2728"]
[BlackElo "2522"]
[TimeControl "180+1"]
[EndTime "14:19:11 PDT"]
[Termination "ValentinDragnev won on time"]

1. d4 Nf6 2. Bf4 d5 3. e3 c5 4. Nf3 Nc6 5. Nbd2 Qb6 6. dxc5 Qxc5 7. a3 Bg4 8. c4 e5 9. Bg5 Ne4 10. b4 Qb6 11. cxd5 Nxg5 12. dxc6 bxc6 13. Be2 Nxf3+ 14. Bxf3 Bxf3 15. Qxf3 Rd8 16. Rc1 Rd5 17. Nc4 Qd8 18.
O-O Be7 19. Na5 c5 20. Nc6 Qd7 21. Nxe7 Kxe7 22. bxc5 Rc8 23. Qe4 g6 24. Qb4 Qc6 25.
Rfd1 Rxd1+ 26. Rxd1 Qxc5 27. Qh4+ Ke6 28. Qxh7 Qc2 29. Qh3+ Kf6 30. Qf3+ Kg7 31. h4 e4 32. Qg4 Rc7 33. Rd4 Qc1+ 34. Kh2 Qxa3 35. Qxe4 Qc5 36. Rd5 Qc6 37. Qe5+ Kh7 38. Rd8 f6 39. Qd4 1-0

[Event "*** Titled Tuesday Blitz"]
[Site "Chess.com"]
[Date "2020.04.07"]
[Round "7"]
[White "Elshan1985"]
[Black "AttilaTurzo"]
[Result "1-0"]
[WhiteElo "2697"]
[BlackElo "2511"]
[TimeControl "180+1"]
[EndTime "14:19:11 PDT"]
[Termination "Elshan1985 won on time"]

1. Nf3 c5 2. e4 g6 3. h4 h5 4. Bc4 Nc6 5. c3 e6 6. d4 d5 7. Bd3 cxd4 8. cxd4 Bg7 9. e5 Qb6 10. Nc3 Bd7 11. Ne2 Nge7 12. O-O Nf5 13. Bxf5 exf5 14. Bg5 Be6 15. Qd2 Qb4 16. Nc3 Bf8 17. a3 Qb3 18. Rac1 Na5 19. Qe2 Nc4 20. Nd1 Be7 21. Bxe7 Kxe7 22.
Rc3 Qb6 23. b3 Nxa3 24. Qe3 Rhc8 25. Qg5+ Kd7 26. Qf6 Qd8 27. Qg7 Qh8 28. Qf6 Qxf6 29. exf6 Nb5 30. Re3 Rc2 31. Ne5+ Kd6 32. Rd3 Rac8 33.
Re1 Rc1 34. Kf1 R8c2 35. f3 a5 36. g4 fxg4 37. fxg4 hxg4 38. Ne3 Rxe1+ 39. Kxe1 Rh2 40. N3xg4 Rxh4 41. Rg3 Nxd4 42. Nd3 Nf5 43. Rg1 1-0

[Event "*** Titled Tuesday Blitz"]
[Site "Chess.com"]
[Date "2020.04.07"]
[Round "7"]
[White "killer311"]
[Black "dopolian"]
[Result "0-1"]
[WhiteElo "2319"]
[BlackElo "2495"]
[TimeControl "180+1"]
[EndTime "14:19:11 PDT"]
[Termination "dopolian won by checkmate"]

1. d4 Nf6 2. c4 c5 3. d5 e6 4. Nc3 exd5 5. cxd5 d6 6. g3 g6 7. Bg2 Bg7 8. Nf3 O-O 9. O-O Re8 10. Re1 a6 11. a4 Nbd7 12. e4 Qc7 13. Nd2 c4 14. f4 Rb8 15. a5 b5 16. axb6 Nxb6 17. Nf1 Ng4 18. Ne3 Qc5 19. h3 Nf6 20. Kh2 a5 21. Na4 Nxa4 22. Rxa4 Ba6 23. Qc2 Rb4 24. Bd2 Rxa4 25. Qxa4 Rb8 26. Bc3 h5 27. Nc2 Qf2 28. Bd4 Qd2 29. Bc3 Qf2 30. Qxa5 Qxc2 31. Qxa6 Rxb2 32. Bxb2 Qxb2 33. Qxd6 Qc3 34. Rb1 h4 35. gxh4 Nh5 36. Qd8+ Kh7 37. Qg5 Bh6 38. Qg4 Bxf4+ 39. Kh1 Ng3+ 40. Kg1 Qe3+ 41. Kh2 Nf1+ 42. Kh1 Ng3+ 43. Kh2 Nxe4+ 44. Kh1 Nf2+ 45. Kg1 Nxg4+ 46. Kh1 Nf2+ 47. Kg1 Nxh3+ 48. Kh1 Qg1+ 49. Rxg1 Nf2# 0-1

[Event "*** Titled Tuesday Blitz"]
[Site "Chess.com"]
[Date "2020.04.07"]
[Round "7"]
[White "JustWatch000"]
[Black "ChelsieMonica"]
[Result "1-0"]
[WhiteElo "2590"]
[BlackElo "2258"]
[TimeControl "180+1"]
[EndTime "14:19:13 PDT"]
[Termination "JustWatch000 won by resignation"]

1. e4 e5 2. Nf3 Nc6 3. Bb5 a6 4. Ba4 Nf6 5. Bxc6 dxc6 6. d3 Bd6 7. O-O O-O 8. h3 h6 9. Nc3 c5 10. Be3 Be6 11. Nd2 g5 12. Nc4 Qd7 13. Kh2 b5 14.
Nxd6 cxd6 15. Ne2 Nh5 16. Ng3 Nf4 17. Nh5 f5 18. exf5 Rxf5 19. Qf3 Raf8 20. Ng3 R5f7 21. Bxf4 Rxf4 22. Qh5 Qg7 23. Qe2 Qg6 24. f3 h5 25.
Ne4 Bd7 26. c4 b4 27. a3 b3 28. a4 g4 29. fxg4 hxg4 30. Rxf4 exf4 31. Rf1 g3+ 32.
Kg1 Qg7 33. Qh5 Bf5 34. Rxf4 Bxe4 35. Rg4 Bxd3 36. Rxg7+ Kxg7 37. Qg4+ Bg6 38. Qxg3 Re8 39. Qxb3 Re2 40. Qb7+ Kh6 41. Qf3 Rxb2 42. Qf4+ Kh7 43. Qxd6 Rb1+ 44. Kh2 Rb4 45. Qxc5 Rxa4 46. Qe7+ Kh6 47.
Qe3+ Kh7 48. Qb3 Ra1 49. c5 Rb1 50. Qe6 Rc1 51. c6 a5 52. Qe7+ Kg8 53. c7 a4 54.
Qd8+ Kh7 55. c8=Q 1-0

[Event "*** Titled Tuesday Blitz"]
[Site "Chess.com"]
[Date "2020.04.07"]
[Round "7"]
[White "Zurability"]
[Black "Hadza_3"]
[Result "1-0"]
[WhiteElo "2662"]
[BlackElo "2433"]
[TimeControl "180+1"]
[EndTime "14:19:13 PDT"]
[Termination "Zurability won on time"]

1. c4 e5 2. Nc3 Nc6 3. Nf3 g6 4. e3 Bg7 5. d4 d6 6. Be2 Nf6 7.
O-O O-O 8. Qc2 Qe7 9. Nd5 Qd8 10.
dxe5 Nxe5 11. Rd1 Nxf3+ 12. Bxf3 Nd7 13. Bd2 Ne5 14. Be2 b6 15. Bc3 Bb7 16. b4 Rc8 17.
Qb2 f6 18. c5 Rf7 19. f4 Nd7 20. cxd6 Bxd5 21. Rxd5 c6 22. Rdd1 b5 23. Rac1 Nb6 24.
e4 Qd7 25. e5 Re8 26. exf6 Bh6 27. Be5 Nd5 28. Bxb5 cxb5 29. Rxd5 Qg4 30. h3 Qe6 31. Rcd1 Rd8 32. Rxb5 Rfd7 33. Rc5 Bf8 34. Rc6 Kf7 35. Qc2 Qf5 36. Qc4+ Qe6 37. Rd4 h6 38. Rc7 g5 39.
Rxd7+ Rxd7 40. fxg5 hxg5 41. Rg4 Qxc4 42. Rxc4 Ke6 43.
Bg3 Bxd6 44. Rc6 1-0

[Event "*** Titled Tuesday Blitz"]
[Site "Chess.com"]
[Date "2020.04.07"]
[Round "7"]
[White "swisspower96"]
[Black "david_gomez"]
[Result "1-0"]
[WhiteElo "2658"]
[BlackElo "2432"]
[TimeControl "180+1"]
[EndTime "14:19:13 PDT"]
[Termination "swisspower96 won by resignation"]

1. d4 Nf6 2. c4 e6 3. Nf3 d5 4. g3 Be7 5. Bg2 O-O 6. O-O Nbd7 7. Qb3 c6 8. Bf4 b6 9. Rc1 Ba6 10. cxd5 cxd5 11. Nc3 Bc4 12. Qc2 Rc8 13. a4 Bb4 14.
Qd1 Ne4 15. Nb5 g5 16. Be3 a6 17. Na3 Bxa3 18. Rxa3 f5 19. b3 Qe7 20. Raa1 f4 21.
Bd2 g4 22. bxc4 gxf3 23. Bxf3 fxg3 24. hxg3 Nxd2 25. Qxd2 dxc4 26. Kg2 Nf6 27. Rh1 Nd5 28.
Rh5 c3 29. Qh6 Nf6 30. Re5 Qd6 31. Rg5+ Kf7 32. Bh5+ Nxh5 33. Qxh5+ Ke7 34. Rg7+ Kd8 35. Qg5+ Ke8 36. e4 c2 37. Rc1 Qa3 38. Kg1 Qb4 39. d5 Rf7 40. Qh5 Rc7 41. dxe6 Qd2 42. exf7+ Kf8 43.
Rg8+ 1-0

[Event "*** Titled Tuesday Blitz"]
[Site "Chess.com"]
[Date "2020.04.07"]
[Round "7"]
[White "Schachmalanders"]
[Black "GameOverBro"]
[Result "1-0"]
[WhiteElo "2350"]
[BlackElo "2490"]
[TimeControl "180+1"]
[EndTime "14:19:13 PDT"]
[Termination "Schachmalanders won on time"]

1. e4 d6 2. d4 Nf6 3. Nc3 e5 4. Nf3 Nbd7 5. h3 Be7 6. Be2 c6 7. O-O Qc7 8. Re1 Nf8 9. Bf1 Ng6 10. g3 O-O 11. Be3 b5 12. a3 Bb7 13. d5 a6 14. Qd2 cxd5 15. Nxd5 Bxd5 16. exd5 Rac8 17.
c3 Ne4 18. Qd1 f5 19. a4 Rb8 20. axb5 axb5 21. Ra7 Rb7 22. Rxb7 Qxb7 23. Qb3 Nf6 24. Qxb5 Qa8 25. Qc6 Qa2 26. Bg5 Qxb2 27. h4 h6 28.
Bxf6 Rxf6 29. h5 Nf8 30. Qc7 Rf7 31. Qc8 f4 32. g4 Qc2 33. Qc4 Nd7 34. Bd3 Qb2 35.
Qc8+ Bf8 36. Bg6 Re7 37. Bf5 Nb6 38. Be6+ Rxe6 39. Qxe6+ Kh7 40. g5 Qxc3 41. Qf5+ Kg8 42. Qe6+ Kh7 43. g6+ Kh8 44. Qe8 Nd7 45. Qxd7 Qxf3 46.
Rb1 Qg4+ 47. Qxg4 1-0

[Event "*** Titled Tuesday Blitz"]
[Site "Chess.com"]
[Date "2020.04.07"]
[Round "7"]
[White "BaMBoMaTTo"]
[Black "Pavlov_Sergey"]
[Result "1-0"]
[WhiteElo "2741"]
[BlackElo "2558"]
[TimeControl "180+1"]
[EndTime "14:19:14 PDT"]
[Termination "BaMBoMaTTo won on time"]

1. d4 Nf6 2. c4 e6 3. Nf3 d5 4.
Nc3 dxc4 5. e4 Bb4 6. Bg5 h6 7. Bxf6 Qxf6 8. Bxc4 c5 9. e5 Qd8 10. O-O cxd4 11. Ne4 O-O 12. Qe2 Be7 13. Rad1 Qc7 14.
Ng3 Rd8 15. Bd3 Nd7 16. Qe4 Nf8 17. Qg4 Bd7 18. Nh5 g6 19. Nf4 Kg7 20. h4 Bc6 21. Rfe1 Bxf3 22. gxf3 Rac8 23. Kh2 Qb6 24. Re2 Rc5 25.
Rg1 Qc7 26. Bxg6 fxg6 27. Nxg6 Bg5 28. Nxf8 Rxf8 29. hxg5 h5 30. Qxe6 Rxf3 31. g6 d3 32. Re4 Rxf2+ 33. Kh3 Rf3+ 34. Kh2 Rc2+ 35. Kh1 d2 36.
Rd4 Qc6 37. Rd7+ 1-0

[Event "*** Titled Tuesday Blitz"]
[Site "Chess.com"]
[Date "2020.04.07"]
[Round "7"]
[White "ChadBiryani"]
[Black "Resignify"]
[Result "0-1"]
[WhiteElo "2367"]
[BlackElo "2226"]
[TimeControl "180+1"]
[EndTime "14:19:14 PDT"]
[Termination "Resignify won by resignation"]

1. d4 Nf6 2. Bf4 c5 3. dxc5 Na6 4. Nc3 Nxc5 5. e3 d6 6. Bc4 a6 7. a4 e5 8. Bg3 Be6 9. Bxe6 Nxe6 10. Nf3 Be7 11.
O-O O-O 12. h3 Nc5 13. Nd5 Nxd5 14. Qxd5 Qc7 15. Rfd1 Rac8 16. c3 Qc6 17. a5 Qxd5 18. Rxd5 f5 19. Rad1 h6 20. Ne1 f4 21. exf4 exf4 22. Bh2 g5 23. Nc2 Nb3 24. f3 Kf7 25. Kf1 Rc5 26. Bg1 Rxd5 27. Rxd5 Ke6 28. Nb4 Rc8 29. Ke2 Rc4 30. Rd1 Nxa5 31. Nd5 Rc8 32. Bb6 Nc4 33. b3 Nxb6 34. Nxb6 Rxc3 35. Rb1 Rc2+ 36.
Kf1 d5 37. Re1+ Kf7 38. Nxd5 Bc5 39. Rd1 Rf2+ 40. Ke1 Rxg2 41. Nc3 Bb4 42. Rc1 Rg1+ 43.
Kd2 Rxc1 44. Kxc1 Bxc3 0-1